 Dungeon Crawl Stone Soup version 0.15.0-8-gb109cf8 (webtiles) character file.

215 RobertPalmer the Twirler (level 5, -13/26 HPs)
             Began as a Vine Stalker Gladiator on Aug 29, 2014.
             Mangled by an ogre
             ... wielding a +0 giant club
              (24 damage)
             ... on Level 4 of the Dungeon.
             The game lasted 00:06:35 (2185 turns).

RobertPalmer the Twirler (Vine Stalker Gladiator)   Turns: 2185, Time: 00:06:36

HP -13/26        AC  5     Str 18      XL: 5   Next: 92%
MP   0/7         EV 12     Int  8      God:
Gold 165         SH  0     Dex 15      Spells:  0 memorised,  4 levels left

rFire  . . .     SeeInvis .     a - +0 quarterstaff
rCold  . . .     Clarity  .     m - +0 leather armour
rNeg   + . .     rCorr    .     (no shield)
rPois  .         rRot     +     c - +0 helmet
rElec  .         Spirit   +     q - +0 cloak
SustAb .         Warding  .     (no gloves)
rMut   .         Stasis   .     (no boots)
Gourm  .                        (no amulet)
MR     .....                    j - ring of stealth
                                g - ring of positive energy

@: about to teleport, not resistant to hostile enchantments, unstealthy
A: fangs 2, regeneration 1, magic shield, antimagic bite, no device heal 3, rot
immunity
a: no special abilities


You were on level 4 of the Dungeon.
You were not hungry.

You visited 1 branch of the dungeon, and saw 4 of its levels.

You collected 165 gold pieces.


Innate Abilities, Weirdness & Mutations

You have extremely sharp teeth.
Your natural rate of healing is unusually fast.
When hurt, damage is shared between your health and your magic reserves.
Your bite disrupts and absorbs the magic of your enemies.
Potions and wands cannot restore your health.
You are immune to rotting.


   Skills:
 - Level 1.7 Fighting
 + Level 5.8 Staves
 - Level 1.7 Throwing
 - Level 2.4 Dodging


You had 4 spell levels left.
You didn't know any spells.

Inventory:

Hand weapons
 a - a +0 quarterstaff (weapon)
 b - a +0 blowgun
Missiles
 d - 3 throwing nets (quivered)
 r - 4 poisoned needles
Armour
 c - a +0 helmet (worn)
 m - a +0 leather armour (worn)
 q - a +0 cloak (worn)
Comestibles
 f - 4 bread rations
 o - a chunk of adder flesh {@*1}
 s - a royal jelly
 t - a fruit
 u - 3 beef jerkies
 z - a meat ration
Scrolls
 h - a scroll of amnesia {unknown}
 k - a scroll of remove curse {unknown}
 n - a scroll of noise {unknown}
 p - 3 scrolls of recharging {unknown}
 D - a scroll of identify
Jewellery
 g - a ring of positive energy (left hand)
 j - a ring of stealth (right hand)
 B - an uncursed ring of wizardry
 E - a cursed ring of positive energy
Potions
 e - a potion of cure mutation {unknown}
 i - 2 potions of brilliance {unknown}
 l - a potion of poison {unknown}
 v - a potion of might {unknown}
 w - 2 potions of restore abilities {unknown}
 x - a potion of cancellation {unknown}
 A - 2 potions of curing {unknown}
 C - a potion of degeneration {unknown}

Dungeon Overview and Level Annotations

Branches:
Dungeon (4/15)
 Temple: D:4-7

Altars:
Cheibriados
Nemelex Xobeh
Vehumet
Yredelemnul
Zin
The Shining One

Annotations:
D:3 benano's ghost, average MiBe

## #### .. ### #.@#
#. ###.## ##O## #.#
#....## ###..# ##.##
##..#.. #....## #...#
#..#..
#...##..###...#
##..#..
#####....##.).#
#.....#
#.........####......
#...<......#...#....
##............###....


You could see an ogre.


Message History

A worker ant comes into view.
You thump the hobgoblin!
You kill the hobgoblin!
The ogre closely misses you.
Your leather armour prevents you from hitting the ogre.
You bite the ogre! You drain its power.
The ogre is lightly wounded.
The ogre barely misses you.
The worker ant waves its antennae.
The worker ant barely misses you.
You hit the worker ant. You bite the worker ant. You drain its power.
The worker ant is heavily wounded.
The worker ant bites you. The worker ant closely misses you.
You hit the worker ant but do no damage.
The worker ant is heavily wounded.
The worker ant barely misses you.
You thump the worker ant!
You kill the worker ant!
You barely miss the ogre. You bite the ogre! You drain its power.
The ogre is moderately wounded.
The ogre hits you with a giant club!!
Ouch! That really hurt!
* * * LOW HITPOINT WARNING * * *
You see here a hand axe.
The ogre hits you but does no damage.
Read which item? (? for menu, Esc to quit)
As you read the scroll of teleportation, it crumbles to dust.
You feel strangely unstable. The ogre hits you with a giant club!!
Ouch! That really hurt!
You die...

Action                   |  1- 3 |  4- 6 || total
-------------------------+-------+-------++-------
Melee: Quarterstaff      |   118 |    93 ||   211
 Fire: Blowgun           |       |     6 ||     6
  Use: Scroll            |       |     6 ||     6
 Stab: Sleeping          |       |     5 ||     5
  Eat: Chunk             |       |     4 ||     4

Vault maps used:
D:1:      scummos_arrival_simple_crosswalls, minmay_misc_feat_roman
D:2:      nicolae_overflow_hidden_temple, vehumet_crystals
D:3:      corexii_shack_village, grunt_temple_overflow_holy_war,
          cheibriados_altar_1, st_stairs_4, hex_tiny,
          nemelex_xobeh_ov_fountains_minmay
D:4:      st_stairs_11

Notes
Turn   | Place    | Note
--------------------------------------------------------------
     0 | D:1      | RobertPalmer, the Vine Stalker Gladiator, began the quest for the Orb.
     0 | D:1      | Reached XP level 1. HP: 11/11 MP: 1/1
    34 | D:1      | Reached skill level 3 in Staves
    88 | D:1      | Reached XP level 2. HP: 15/15 MP: 3/3
   361 | D:1      | Reached XP level 3. HP: 16/18 MP: 4/4
   762 | D:2      | Found a radiant altar of Vehumet.
   822 | D:2      | Reached skill level 4 in Staves
   867 | D:2      | Found a glowing silver altar of Zin.
   868 | D:2      | Found a sparkling altar of Nemelex Xobeh.
   910 | D:2      | Reached XP level 4. HP: 23/23 MP: 5/5
  1272 | D:3      | Found a snail-covered altar of Cheibriados.
  1393 | D:3      | Found a sparkling altar of Nemelex Xobeh.
  1633 | D:3      | Reached skill level 5 in Staves
  1656 | D:3      | Found a glowing golden altar of the Shining One.
  1661 | D:3      | Noticed an angel
  1669 | D:3      | Found a basalt altar of Yredelemnul.
  1670 | D:3      | Noticed a profane servitor
  1838 | D:3      | Reached XP level 5. HP: 13/26 MP: 7/7
  1899 | D:3      | Noticed benano's ghost (average MiBe)
  2144 | D:4      | Noticed an ogre
  2185 | D:4      | Mangled by an ogre

Vanquished Creatures
  2 hounds (D:4)
  A worker ant (D:4)
  4 adders
  2 worms (D:3)
  3 giant geckos
  4 orcs (D:3)
  A ball python (D:1)
  8 bats
  4 giant cockroaches
  13 hobgoblins
  13 jackals
  5 giant newts
  9 goblins
  8 kobolds
  7 rats
84 creatures vanquished.
